 Dungeon Crawl Stone Soup version 0.14-a0-2810-g474977d (console) character file.

439658 fdapopo the Axe Maniac (level 23, -4/224 (226) HPs)
             Began as a Hill Orc Berserker on Feb 23, 2014.
             Was a High Priest of the Shining One.
             Slain by a stone giant (29 damage)
             ... summoned by the rage of Trog
             ... on Level 3 of the Crypt on Feb 26, 2014.
             The game lasted 03:38:05 (25929 turns).

fdapopo the Axe Maniac (Hill Orc Berserker)        Turns: 25929, Time: 03:38:05

HP  -4/224 (226) AC 39     Str 27 (29) XL: 23   Next: 28%
MP   0/30        EV 17     Int 10      God: the Shining One [*****.]
Gold 3880        SH  2     Dex  9      Spells:  3 memorised, 17 levels left

rFire  + + .     SeeInvis +     s - +3,+8 executioner's axe "Evveh" {chop, rElec rF++ rC+}
rCold  + . .     Clarity  .     Z - +1 plate armour "Twaonatz" {rElec Acc+2 Dam+4 SInv}
rNeg   + + .     Conserve .     (no shield)
rPois  .         rCorr    .     G - +2 helmet
rElec  +         rRot     .     I - +3 cloak of Flash {+Fly EV+4}
SustAb . .       Spirit   +     T - +0 pair of gloves {archer}
rMut   .         Warding  .     K - +0 pair of boots
Saprov + . .     Stasis   .     Y - amulet of guardian spirit
MR     +....                    g - ring of regeneration
                                y - +5 ring of evasion

@: about to teleport, glowing, somewhat resistant to hostile enchantments,
extremely unstealthy
A: large bone plates 1, rough black scales 1, low mp 1, saprovore 1, strong 1
a: Divine Shield, Cleansing Flame, Summon Divine Warrior, Renounce Religion,
Evoke Flight
}: 4/15 runes: barnacled, slimy, silver, gossamer


You were on level 3 of the Crypt.
You worshipped the Shining One.
The Shining One was extremely pleased with you.
You were not hungry.

You visited 10 branches of the dungeon, and saw 57 of its levels.
You also visited: Bailey, Ice Cave and Wizlab.

You collected 4818 gold pieces.
You spent 938 gold pieces at shops.

Inventory:

Hand weapons
 m - a +4,+4 anti-magic executioner's axe
 n - a +0,+3 broad axe of flaming
 s - the +3,+8 executioner's axe "Evveh" (weapon) {chop, rElec rF++ rC+}
   (Trog gifted it to you on level 4 of the Orcish Mines)

   It inflicts extra damage upon your enemies.
   It greatly protects you from fire.
   It protects you from cold.
   It insulates you from electricity.
Missiles
 u - 6 javelins (quivered)
Armour
 G - a +2 helmet (worn)
 I - the +3 cloak of Flash (worn) {+Fly EV+4}
   (You found it on level 3 of the Elven Halls)

   It affects your evasion (+4).
   It lets you fly.
 K - a +0 pair of boots (worn)
 T - a +0 pair of gloves of archery (worn)
 Z - the +1 plate armour "Twaonatz" (worn) {rElec Acc+2 Dam+4 SInv}
   (You found it on level 3 of the Elven Halls)

   It affects your accuracy with ranged weapons and melee attacks (+2).
   It affects your damage with ranged weapons and melee attacks (+4).
   It insulates you from electricity.
   It enhances your eyesight.
Magical devices
 d - a wand of disintegration (9)
 i - a wand of disintegration (17)
 o - a wand of heal wounds (7)
 q - a wand of fireball (1)
 z - a wand of paralysis (5)
 R - a wand of fire (6)
 S - a wand of fire (5)
Comestibles
 j - 5 bread rations
 l - 3 pieces of ambrosia
 B - 5 meat rations
 H - 7 royal jellies
Scrolls
 e - a scroll of silence
 f - 16 scrolls of remove curse
 h - 5 scrolls of identify
 v - 2 scrolls of fear
 A - 6 scrolls of teleportation
 D - 4 scrolls of fog
 L - 3 scrolls of summoning
Jewellery
 a - an uncursed ring of poison resistance
 c - an uncursed ring of flight
 g - a ring of regeneration (right hand)
 w - a cursed amulet of conservation
 x - an uncursed ring of sustain abilities
 y - a +5 ring of evasion (left hand)
 C - the amulet of Hiriw {rMut Dex+2 SInv}
   (You found it on level 3 of the Elven Halls)

   [amulet of resist mutation]

   It affects your dexterity (+2).
   It enhances your eyesight.
 N - an uncursed ring of teleportation
 V - the amulet of Ustrys {Stasis Int+3}
   (You took it off a vault guard on level 5 of the Vaults)

   [amulet of stasis]

   It affects your intelligence (+3).
 Y - an amulet of guardian spirit (around neck)
Potions
 b - 2 potions of mutation
 k - 6 potions of restore abilities
 p - a potion of might
 r - 3 potions of magic
 E - a potion of agility
 M - a potion of flight
 P - 3 potions of resistance
 Q - 13 potions of curing
 U - 2 potions of heal wounds
Miscellaneous
 t - a phial of floods
Rods
 W - a +0 rod of the swarm (11/11)
   (You found it on level 3 of the Elven Halls)


   Skills:
 + Level 23.0 Fighting
 O Level 27 Axes
 - Level 21.3 Armour
 - Level 5.0 Dodging
 + Level 9.5 Shields
 - Level 11.2 Evocations


You had 17 spell levels left.
You knew the following spells:

 Your Spells              Type           Power        Failure   Level  Hunger
a - Repel Missiles        Chrm/Air       #.....       99%         2    ###....
b - Apportation           Tloc           #.........   95%         1    ##.....
c - Swiftness             Chrm/Air       #.......     99%         2    ###....


Dungeon Overview and Level Annotations

Branches:
Dungeon (15/16)            Temple (1/1) D:4             Orc (4/4) D:12
    Elf (3/3) Orc:3          Lair (8/8) D:10         Shoals (5/5) Lair:3
 Spider (5/5) Lair:5        Slime (6/6) Lair:6       Vaults (5/5) D:15
  Crypt (5/5) Vaults:3       Tomb (0/3) Crypt:2
  Blade: Vaults:3-4

Altars:
Fedhas
Kikubaaqudgha
Trog
Yredelemnul
The Shining One
Beogh
Jiyva

Shops:
Orc:4 :*[(   Elf:1 *   Elf:3 [   Shoals:1 %/:?*

Annotations:
D:9 Zigabaro's ghost, experienced MiFi


Innate Abilities, Weirdness & Mutations

You can tolerate rotten meat.
You are partially covered in large bone plates (AC +2, SH +2).
You are partially covered in rough black scales (AC +4, Dex -1).
Your magical capacity is low (-10% MP).
Your muscles are strong. (Str +2)


Message History

The stone giant completely misses you. The deep troll barely misses you.
The deep troll closely misses you.
The deep troll claws you but does no damage.
The stone giant misses you. The hill giant closely misses you.
Drink which item? (? for menu, Esc to quit)
You feel much better.
The stone giant hits you but does no damage.
The deep troll bites you but does no damage.
You block the deep troll's attack. The deep troll claws you!
The stone giant hits you but does no damage.
The fire dragon skeleton bites you but does no damage.
The fire dragon skeleton claws you but does no damage.
The fire dragon skeleton tramples you but does no damage.
The deep troll bites you!
* * * LOW HITPOINT WARNING * * *
The deep troll claws you but does no damage.
The deep troll misses you. The stone giant hits you!
* * * LOW HITPOINT WARNING * * *
The stone giant hits you!
You die... ∙∙∙ ∙∙∙∙∙∙

▒∙∙∙∙z∙ ▒∙∙∙∙∙∙ ▒∙∙∙∙∙▒
▒∙∙∙∙Z' ▒∙∙∙∙@▒ ∙∙∙
▒∙∙ZCT▒ ▒∙∙∙∙∙∙∙∙ ▒∙∙∙Z@▒
▒∙∙∙∙∙∙∙∙ ■▒▒▒∙∙∙CC▒
▒∙∙∙∙∙∙∙∙
∙∙∙∙∙∙∙∙∙▒▒▒▒▒▒▒▒∙∙∙∙∙∙∙∙


∙∙∙∙∙∙∙∙∙∙∙∙∙∙∙∙∙∙∙∙∙∙∙∙∙ ∙∙∙∙∙∙∙∙∙∙∙∙∙∙∙∙∙∙∙∙∙∙∙∙ ∙∙∙∙∙∙∙∙∙∙∙∙∙∙∙∙∙∙∙∙∙∙∙∙
∙∙∙∙∙∙∙∙∙∙∙∙∙∙∙∙∙∙∙∙)∙∙∙ ∙∙∙∙∙∙∙∙∙∙∙∙∙∙∙∙∙∙)))∙∙ ∙∙∙∙∙∙∙∙∙∙∙∙∙∙∙∙∙)∙▒▒▒ You
could see 2 stone giants, a hill giant (berserk), a deep troll (berserk), a
necromancer, a shadow dragon zombie, a stone giant zombie, a fire dragon
skeleton and a putrid demonspawn skeleton.

Vanquished Creatures
  2 profane servitors (Crypt:5)
  3 tentacled monstrosities (Vaults:5)
  A lich (Vaults:5)
  Asterion (Spider:5)
  A deep elf blademaster (Elf:3)
  17 acid blobs
  A titan (Vaults:5)
  3 deep elf master archers (Elf:3)
  2 sphinxes
  A kraken (Shoals:1)
  3 shadow dragons (Vaults:5)
  2 ancient champions
  A tengu reaver (Vaults:5)
  3 thorn hunters (WizLab)
  7 azure jellies
  14 ghouls
  Maud (D:15)
  A frost giant (Vaults:5)
  An orc warlord (Orc:4)
  9 deep elf sorcerers (Elf:3)
  2 ghost moths (Spider:5)
  5 emperor scorpions
  7 vault wardens
  A reaper (Crypt:4)
  4 deep elf demonologists (Elf:3)
  2 small abominations (Vaults:5)
  23 stone giants
  9 deep elf annihilators
  3 merfolk javelineers (Shoals:5)
  A minotaur (shapeshifter) (Vaults:5)
  A mummy priest (Crypt:5)
  An unborn (Crypt:5)
  2 merfolk impalers (Shoals:1)
  A quicksilver dragon zombie (Crypt:1)
  5 eidola
  3 death oozes (Slime:6)
  3 ettins (Vaults:5)
  23 vault guards
  2 jiangshi
  7 deep elf death magi
  12 yaktaur captains
  3 deep elf high priests (Elf:3)
  2 great orbs of eyes
  A fire dragon (Vaults:3)
  2 sirens (Shoals:5)
  8 ironheart preservers
  A ravenous feature mimic (Spider:4)
  4 merfolk aquamancers
  Fannar (D:12)
  Josephine (D:15)
  Nessos (Spider:1)
  2 hydras
  An alligator (shapeshifter) (Vaults:5)
  Erica (D:13)
  A ravenous item mimic (Lair:8)
  7 ogre magi
  2 satyrs
  5 deep dwarf death knights
  A rakshasa (Vaults:1)
  2 orc high priests
  5 plague shamblers
  3 spectral elves (Elf:3)
  2 vampire magi
  11 centaur warriors
  A titan zombie (Crypt:5)
  Urug (Orc:4)
  2 soul eaters
  2 storm dragon zombies
  2 very ugly things
  Nergalle (Orc:4)
  A shadow wraith (Crypt:4)
  3 deep elf knights
  35 skeletal warriors
  2 unseen horrors
  3 ice devils
  An iron troll (Vaults:5)
  A titan skeleton (Crypt:1)
  A golden dragon zombie (Crypt:5)
  3 deep trolls (Vaults:5)
  11 orb spiders
  A sea snake (shapeshifter) (Vaults:5)
  Erolcha (D:12)
  A sea snake (Shoals:2)
  3 ice statues (IceCv)
  7 ironbrand convokers
  7 hill giants
  A flaming corpse (Crypt:1)
  5 deep elf summoners
  7 flayed ghosts
  A water nymph (Shoals:5)
  12 orc knights
  3 necromancers
  A giant orange brain (Vaults:5)
  4 iron dragon zombies
  A golden dragon skeleton (Crypt:3)
  3 fire giant zombies
  4 griffons
  4 red wasps
  9 deep elf conjurers
  A manticore (shapeshifter) (Vaults:5)
  A wolf spider zombie (Crypt:4)
  2 stone giant zombies
  14 harpies
  17 phantasmal warriors
  2 cyclopes
  4 orc sorcerers
  3 shining eyes
  5 manticores
  3 frost giant zombies (Crypt:5)
  12 elephants
  4 black mambas
  A sixfirhy (Orc:4)
  An octopode (Shoals:1)
  A moth of wrath (shapeshifter) (Vaults:5)
  16 wolf spiders
  An iron dragon skeleton (Crypt:3)
  2 stone golems (WizLab)
  6 vault sentinels
  A feature mimic (D:15)
  8 demonic crawlers
  2 spriggan druids (Lair:8)
  7 spiny frogs
  A centaur zombie (D:15)
  5 mermaids
  3 fauns (WizLab)
  A hellwing (Elf:3)
  11 yaktaurs
  6 guardian mummies
  3 hydra zombies
  9 freezing wraiths
  7 merfolk
  3 fire drakes
  2 pale draconian skeletons
  18 jumping spiders
  6 spriggans (Lair:8)
  A komodo dragon (shapeshifter) (Vaults:5)
  A spriggan (shapeshifter) (Vaults:1)
  6 deep elf priests
  4 komodo dragons
  4 trolls
  A sea snake skeleton (Crypt:3)
  5 giant fireflies (Lair:8)
  3 polar bears (Lair:6)
  A shadow dragon simulacrum (Crypt:4)
  18 brown oozes
  A queen bee (D:10)
  2 wind drakes
  17 two-headed ogres
  12 deep elf magi
  A boulder beetle (Vaults:2)
  An alligator zombie (Crypt:3)
  5 snapping turtles
  4 blue devils (IceCv)
  A basilisk (Lair:6)
  25 blink frogs
  20 slime creatures
  3 wandering mushrooms
  A fire dragon zombie (Crypt:5)
  An ice dragon skeleton (D:15)
  A formicid (Spider:2)
  A flying skull (Vaults:2)
  8 grizzly bears
  A fire bat (shapeshifter) (Vaults:5)
  28 redbacks
  2 griffon skeletons
  12 trapdoor spiders
  29 yaks
  A chaos spawn (Elf:3)
  A shadow (Crypt:4)
  24 ugly things
  A giant firefly zombie (Crypt:4)
  3 hippogriffs
  A giant leech zombie (Crypt:4)
  A human (shapeshifter) (Elf:1)
  5 water elementals
  3 wyverns
  11 tarantellas
  8 deep elf fighters
  5 sharks
  A neqoxec (Elf:3)
  8 wraiths
  3 hungry ghosts
  A centaur simulacrum (D:15)
  3 vampire mosquitoes (D:14)
  Menkaure (D:7)
  11 necrophages
  24 wolves
  3 mottled dragons
  7 ice beasts
  8 porcupines
  A spiny frog zombie (Crypt:3)
  4 raven skeletons (Crypt:5)
  A deep dwarf (shapeshifter) (Vaults:5)
  A sky beast (D:9)
  9 black bears
  A manticore zombie (Crypt:5)
  4 yellow wasps
  33 orc warriors
  The ghost of Sokar the Ruffian, an average TrHe of Elyvilon (D:3)
  26 centaurs
  An ettin simulacrum (Vaults:3)
  3 phantoms
  6 giant goldfish
  10 crocodiles
  26 ogres
  6 wargs
  A swamp dragon skeleton (Crypt:4)
  A boring beetle (shapeshifter) (D:15)
  9 giant slugs
  A boring beetle (Lair:6)
  2 big kobolds
  A brain worm (Vaults:2)
  15 giant frogs
  A lost soul (Crypt:4)
  2 gnoll sergeants
  7 water moccasins
  8 agate snails
  An agate snail (shapeshifter) (Vaults:5)
  A yak zombie (D:9)
  5 eyes of draining
  A swamp dragon simulacrum (Crypt:1)
  38 killer bees
  5 electric eels
  A killer bee (shapeshifter) (Vaults:5)
  5 wights (D:11)
  A yaktaur simulacrum (D:15)
  2 goliath beetles
  A wolf zombie (Crypt:3)
  3 quasits
  8 crimson imps
  3 elf zombies (Elf:3)
  7 jellies
  A formicid zombie (Crypt:4)
  5 hounds
  24 orc wizards
  17 orc priests
  22 spiders
  4 big fish
  A cyclops simulacrum (D:15)
  7 scorpions
  7 worker ants
  7 iguanas
  A troll simulacrum (IceCv)
  An orange rat (Elf:1)
  7 sheep
  A spectral orc (Orc:4)
  4 ogre zombies
  Jessica (D:3)
  A felid skeleton (Crypt:4)
  A mottled dragon skeleton (Crypt:1)
  2 necrophage skeletons (Crypt:5)
  A boggart (D:15)
  A hound skeleton (D:11)
  A mummy (Crypt:5)
  43 green rats
  2 giant centipedes
  9 adders
  21 gnolls
  3 ogre simulacra (IceCv)
  A giant mite (Spider:2)
  2 worms
  3 giant eyeballs
  4 giant geckos
  7 oozes
  125 orcs
  4 giant cockroaches
  26 goblins
  7 hobgoblins
  17 jackals
  23 kobolds
  4 quokkas
  8 bats
  3 giant newts
  11 rats
  A ballistomycete (D:10)
  2 bushes (Lair:3)
  A butterfly (Lair:3)
  2 crawling corpses (Vaults:5)
  3 fungi
  8 plants
  3 tentacles (Shoals:1)
  A tentacle segment (Shoals:1)
  8 toadstools (WizLab)
1678 creatures vanquished.

Vanquished Creatures (collateral kills)
  the royal jelly (Slime:6)
  2 acid blobs (Slime:6)
  A vault warden (Vaults:5)
  A stone giant (Vaults:5)
  A death ooze (Slime:6)
  9 vault guards (Vaults:5)
  2 hydras
  A deep troll (Vaults:5)
  A yaktaur (Vaults:5)
  A two-headed ogre (Vaults:5)
  A grizzly bear (Lair:8)
  2 yaks (Lair:8)
  2 wolves (Lair:8)
  2 orc warriors (Orc:4)
  A black bear (Lair:8)
  An ogre (Orc:4)
  An orc (Orc:4)
30 creatures vanquished.

Vanquished Creatures (others)
  2 deep trolls
  A merfolk (Shoals:5)
  4 trolls
  3 two-headed ogres
  2 lost souls (Crypt:4)
  3 ogres
  A hound (D:13)
  A spectral orc (Orc:4)
  A giant spore (D:10)
  A ballistomycete (D:10)
  A fungus (Lair:8)
  A plant (Crypt:5)
  9 tentacles (Shoals:1)
  107 tentacle segments (Shoals:1)
  2 toadstools (WizLab)
139 creatures vanquished.

Grand Total: 1847 creatures vanquished

Notes
Turn   | Place    | Note
--------------------------------------------------------------
     0 | D:1      | fdapopo, the Hill Orc Berserker, began the quest for the Orb.
     0 | D:1      | Reached XP level 1. HP: 19/19 MP: 1/1
    82 | D:1      | Reached XP level 2. HP: 5/26 MP: 2/2
   182 | D:1      | Reached skill level 5 in Axes
   193 | D:1      | Acquired Trog's second power
   373 | D:3      | Reached XP level 3. HP: 31/31 MP: 3/3
   476 | D:2      | Found a blossoming altar of Fedhas.
   476 | D:2      | Found a basalt altar of Yredelemnul.
   557 | D:3      | Noticed Sokar's ghost (average TrHe)
   765 | D:1      | Reached skill level 6 in Axes
   857 | D:3      | Noticed Jessica
   864 | D:3      | Killed Jessica
   864 | D:3      | Reached XP level 4. HP: 39/39 MP: 4/4
   868 | D:3      | Killed Sokar's ghost
   868 | D:3      | Reached skill level 7 in Axes
   868 | D:3      | Reached XP level 5. HP: 45/45 MP: 5/5
   966 | D:4      | Found a staircase to the Ecumenical Temple.
   996 | D:5      | Entered Level 5 of the Dungeon
  1082 | D:7      | Noticed a phantom
  1090 | D:7      | Noticed a centaur
  1110 | D:7      | Killed a centaur
  1110 | D:7      | Reached skill level 8 in Axes
  1110 | D:7      | Reached XP level 6. HP: 27/51 MP: 6/6
  1121 | D:7      | Reached skill level 9 in Axes
  1148 | D:7      | Killed a phantom
  1332 | D:7      | Reached skill level 10 in Axes
  1332 | D:7      | Reached XP level 7. HP: 10/57 MP: 7/7
  1514 | D:9      | Reached skill level 11 in Axes
  1563 | D:10     | Entered Level 10 of the Dungeon
  1596 | D:9      | Noticed a yak
  1596 | D:9      | Noticed a yak
  1596 | D:9      | Noticed a yak
  1624 | D:9      | Reached skill level 12 in Axes
  1624 | D:9      | Reached XP level 8. HP: 30/64 MP: 8/8
  1633 | D:9      | Killed a yak
  1709 | D:9      | Noticed a troll
  1745 | D:9      | Reached skill level 13 in Axes
  1752 | D:9      | Killed a troll
  1764 | D:9      | Reached skill level 14 in Axes
  1772 | D:9      | Gained mutation: Your magical capacity is low (-10% MP). [mutagenic meat]
  1773 | D:9      | Gained mutation: You are partially covered in large bone plates (AC +2, SH +2). [mutagenic meat]
  1787 | D:9      | Noticed Zigabaro's ghost (experienced MiFi)
  1804 | D:9      | Noticed a hungry ghost
  1875 | D:10     | Killed a hungry ghost
  1875 | D:10     | Reached XP level 9. HP: 26/70 MP: 8/8
  2091 | D:10     | Noticed a queen bee
  2113 | D:10     | Killed a queen bee
  2113 | D:10     | Reached skill level 5 in Fighting
  2166 | D:10     | Reached skill level 5 in Armour
  2703 | D:11     | Noticed a hill giant
  2712 | D:11     | Killed a hill giant
  2712 | D:11     | Reached XP level 10. HP: 85/91 MP: 9/9
  2777 | D:12     | Noticed Erolcha
  2842 | D:11     | Acquired Trog's third power
  2970 | D:11     | Reached skill level 10 in Fighting
  3176 | D:10     | Found a staircase to the Lair.
  3224 | Lair:1   | Entered Level 1 of the Lair of Beasts
  3521 | Lair:1   | Noticed a black mamba
  3544 | Lair:1   | Killed a black mamba
  3544 | Lair:1   | Reached skill level 15 in Axes
  3599 | Lair:1   | Gained mutation: Your muscles are strong. (Str +2) [potion of mutation]
  3771 | Lair:2   | Noticed a black mamba
  3777 | Lair:2   | Killed a black mamba
  3781 | Lair:2   | Reached XP level 11. HP: 99/99 MP: 9/9
  3841 | Lair:2   | Reached skill level 16 in Axes
  3869 | Lair:2   | Noticed an elephant
  3870 | Lair:2   | Noticed an elephant
  3872 | Lair:2   | Noticed an elephant
  3872 | Lair:2   | Noticed an elephant
  3872 | Lair:2   | Noticed an elephant
  3910 | Lair:2   | Killed an elephant
  3937 | Lair:2   | Noticed an elephant
  3955 | Lair:2   | Killed an elephant
  3979 | Lair:2   | Killed an elephant
  3989 | Lair:2   | Killed an elephant
  3993 | Lair:2   | Killed an elephant
  3993 | Lair:2   | Reached skill level 17 in Axes
  4000 | Lair:2   | Killed an elephant
  4353 | Lair:3   | Received a gift from Trog
  4397 | Lair:3   | Reached skill level 18 in Axes
  4557 | Lair:5   | Found a hole to the Spider Nest.
  4557 | Lair:5   | Noticed an orb spider
  4793 | Lair:6   | Found a frozen archway.
  4812 | Lair:6   | Reached XP level 12. HP: 82/106 MP: 10/10
  4823 | Lair:6   | Reached skill level 19 in Axes
  4860 | IceCv    | Entered an ice cave
  5252 | IceCv    | Reached skill level 20 in Axes
  5270 | IceCv    | Got a distressingly furry plate armour
  5393 | IceCv    | Identified the +0 plate armour of Chasol {rElec} (You found it in an ice cave)
  5447 | Lair:7   | Noticed a four-headed hydra
  5455 | Lair:7   | Killed a seven-headed hydra
  5613 | Lair:6   | Reached skill level 21 in Axes
  5683 | Lair:6   | HP: 5/106 [poisoned by a black mamba]
  5688 | Lair:6   | HP: 3/106 [poisoned by a black mamba]
  5754 | Lair:6   | Found a viscous altar of Jiyva.
  5771 | Lair:6   | Found a staircase to the Slime Pits.
  5826 | Lair:6   | Reached XP level 13. HP: 46/113 MP: 11/11
  5924 | Lair:8   | Entered Level 8 of the Lair of Beasts
  5961 | Lair:7   | Reached skill level 22 in Axes
  6587 | Lair:8   | Reached skill level 23 in Axes
  6681 | Lair:8   | Received a gift from Trog
  7345 | Lair:4   | Received a gift from Trog
  7373 | Lair:5   | Reached skill level 24 in Axes
  7487 | Lair:1   | Identified a -1 rod of the swarm (9/9) (You found it on level 6 of the Lair of Beasts)
  7500 | Lair:1   | Upgraded the game from 0.14-a0-2759-g5bb4bfe to 0.14-a0-2810-g474977d
  7550 | D:10     | Killed an unseen horror
  7656 | D:12     | Noticed Fannar
  7670 | D:12     | Killed Fannar
  7670 | D:12     | Reached XP level 14. HP: 93/121 MP: 12/12
  7993 | D:12     | Killed Erolcha
  8053 | D:12     | Noticed a skeletal warrior
  8066 | D:12     | Killed a skeletal warrior
  8122 | D:12     | Noticed a skeletal warrior
  8123 | D:12     | Noticed a skeletal warrior
  8123 | D:12     | Noticed a skeletal warrior
  8251 | D:12     | Found a staircase to the Orcish Mines.
  8296 | D:12     | Found a roughly hewn altar of Beogh.
  8324 | D:12     | Received a gift from Trog
  8346 | Orc:1    | Entered Level 1 of the Orcish Mines
  8607 | Orc:3    | Found a staircase to the Elven Halls.
  8646 | Orc:4    | Entered Level 4 of the Orcish Mines
  8672 | Orc:4    | Received a gift from Trog
  8939 | Orc:4    | Reached skill level 25 in Axes
  8972 | Orc:4    | Noticed Urug
  8985 | Orc:4    | Noticed an orc warlord
  8997 | Orc:4    | Received a gift from Trog
  9005 | Orc:4    | Killed an orc warlord
  9029 | Orc:4    | Found a roughly hewn altar of Beogh.
  9030 | Orc:4    | Noticed Nergalle
  9259 | Orc:4    | Killed Nergalle
  9291 | Orc:4    | Killed Urug
  9376 | Orc:4    | Received a gift from Trog
  9377 | Orc:4    | Got an ichor-stained executioner's axe {god gift}
  9407 | Orc:4    | Identified the +3,+8 executioner's axe "Evveh" {chop, rElec rF++ rC+} (Trog gifted it to you on level 4 of the Orcish Mines)
  9441 | Orc:4    | Found Fifis' Book Emporium.
  9510 | Orc:4    | Found Klaust's Antique Armour Emporium.
  9517 | Orc:4    | Bought an embroidered elven cloak for 27 gold pieces
  9532 | Orc:4    | Found Chieplous' Antique Weapon Emporium.
  9551 | Orc:4    | Found Extoano's General Store.
  9682 | Elf:1    | Entered Level 1 of the Elven Halls
  9841 | Elf:1    | Found Jalekhaeg's General Store.
  9875 | Elf:1    | Bought a scroll of identify for 30 gold pieces
  9980 | Elf:3    | Entered Level 3 of the Elven Halls
 10040 | Elf:3    | Received a gift from Trog
 10044 | Elf:3    | Reached skill level 10 in Armour
 10122 | Elf:3    | Found Veifeyzi's Armour Shoppe.
 10126 | Elf:3    | Bought a +0 helmet of see invisible for 160 gold pieces
 10264 | Elf:3    | Reached XP level 15. HP: 110/134 MP: 4/13
 10297 | Elf:3    | Noticed a deep elf demonologist
 10313 | Elf:3    | Noticed a deep elf sorcerer
 10317 | Elf:3    | Killed a deep elf demonologist
 10334 | Elf:3    | Killed a deep elf sorcerer
 10365 | Elf:3    | Noticed a deep elf blademaster
 10379 | Elf:3    | Killed a deep elf blademaster
 10395 | Elf:3    | Noticed a deep elf sorcerer
 10435 | Elf:3    | Killed a deep elf sorcerer
 10439 | Elf:3    | Noticed a deep elf sorcerer
 10450 | Elf:3    | Killed a deep elf sorcerer
 10552 | Elf:3    | Noticed a deep elf sorcerer
 10559 | Elf:3    | Killed a deep elf sorcerer
 10570 | Elf:3    | Noticed a deep elf demonologist
 10580 | Elf:3    | Killed a deep elf demonologist
 10609 | Elf:3    | Noticed a deep elf sorcerer
 10631 | Elf:3    | Killed a deep elf sorcerer
 10727 | Elf:3    | Noticed a deep elf master archer
 10831 | Elf:3    | Noticed a deep elf sorcerer
 10831 | Elf:3    | Killed a deep elf master archer
 10842 | Elf:3    | Killed a deep elf sorcerer
 10859 | Elf:3    | Noticed a deep elf demonologist
 10875 | Elf:3    | Killed a deep elf demonologist
 10892 | Elf:3    | Noticed a deep elf master archer
 10924 | Elf:3    | Killed a deep elf master archer
 11030 | Elf:3    | Noticed a deep elf sorcerer
 11056 | Elf:3    | Killed a deep elf sorcerer
 11115 | Elf:3    | Noticed a deep elf sorcerer
 11122 | Elf:3    | Killed a deep elf sorcerer
 11122 | Elf:3    | Reached skill level 15 in Fighting
 11162 | Elf:3    | Reached XP level 16. HP: 118/149 MP: 5/14
 11169 | Elf:3    | Noticed a deep elf demonologist
 11176 | Elf:3    | Noticed an Ice Fiend
 11259 | Elf:3    | Killed a deep elf demonologist
 11331 | Elf:3    | Received a gift from Trog
 11346 | Elf:3    | Got a shimmering ruby amulet
 11361 | Elf:3    | Identified Spellweaving, Part One (You found it on level 3 of the Elven Halls)
 11414 | Elf:3    | Noticed a deep elf sorcerer
 11431 | Elf:3    | Killed a deep elf sorcerer
 11446 | Elf:3    | Identified Doifix's Incunabulum of the Traveller (You found it on level 3 of the Elven Halls)
 11466 | Elf:3    | Got a crude chain mail
 11488 | Elf:3    | Identified the amulet of Hiriw {rMut Dex+2 SInv} (You found it on level 3 of the Elven Halls)
 11490 | Elf:3    | Got an ichor-stained plate armour
 11545 | Elf:3    | Noticed a deep elf master archer
 11569 | Elf:3    | Killed a deep elf master archer
 11659 | Orc:3    | Identified the +2 chain mail "Skish" {+Fly rN+} (You found it on level 3 of the Elven Halls)
 11707 | Orc:3    | Identified the +1 plate armour "Twaonatz" {rElec Acc+2 Dam+4 SInv} (You found it on level 3 of the Elven Halls)
 11794 | D:12     | Gained mutation: You are partially covered in rough black scales (AC +4, Dex -1). [mutagenic glow]
 12068 | Lair:3   | Found a staircase to the Shoals.
 12108 | Lair:3   | Identified a +0 rod of the swarm (11/11) (You found it on level 3 of the Elven Halls)
 12112 | Shoals:1 | Entered Level 1 of the Shoals
 12122 | Lair:3   | Identified a scroll of acquirement
 12169 | Shoals:1 | Noticed a kraken
 12195 | Shoals:1 | Killed a kraken
 12206 | Shoals:1 | Found Ritiv's Magical Wand Shop.
 12230 | Shoals:1 | Bought a wand of digging (8) for 336 gold pieces
 12430 | Shoals:1 | Found Sivy's Magic Scroll Shop.
 12437 | Shoals:1 | Received a gift from Trog
 12439 | Shoals:1 | Bought a scroll of enchant armour for 77 gold pieces
 12439 | Shoals:1 | Bought a scroll of identify for 28 gold pieces
 12440 | Shoals:1 | Bought a scroll of fog for 28 gold pieces
 12610 | Shoals:5 | Entered Level 5 of the Shoals
 12934 | Shoals:5 | Got a barnacled rune of Zot
 13104 | Shoals:1 | Found Saaqu's Book Emporium.
 13128 | Shoals:1 | Found Eridar's Assorted Antiques.
 13136 | Shoals:1 | Bought 2 potions of might for 180 gold pieces
 13136 | Shoals:1 | Bought a scroll of fog for 72 gold pieces
 13197 | Shoals:1 | Reached skill level 15 in Armour
 13197 | Shoals:1 | Reached skill level 1 in Evocations
 13202 | Shoals:1 | Found Yffasieh's Food Boutique.
 13368 | Lair:3   | You fall through a shaft!
 13402 | Lair:6   | Received a gift from Trog
 13404 | Lair:6   | Got an ivory battleaxe {god gift}
 13405 | Lair:6   | Identified the +4,+10 battleaxe of Fragile Peace {freeze, rC++ rN+} (Trog gifted it to you on level 6 of the Lair of Beasts)
 13486 | Lair:5   | Killed an orb spider
 13509 | Spider:1 | Entered Level 1 of the Spider Nest
 13509 | Spider:1 | Noticed Nessos
 13526 | Spider:1 | Killed Nessos
 13641 | Spider:3 | Reached XP level 17. HP: 114/161 MP: 18/19
 14150 | Spider:4 | Reached skill level 5 in Evocations
 14387 | Spider:5 | Entered Level 5 of the Spider Nest
 14626 | Spider:5 | Received a gift from Trog
 14747 | Spider:5 | Noticed Asterion
 14764 | Spider:5 | Killed Asterion
 15008 | Spider:5 | Got a gossamer rune of Zot
 15368 | Slime:1  | Entered Level 1 of the Pits of Slime
 15619 | Slime:2  | Paralysed by a giant eyeball for 3 turns
 15626 | Slime:1  | Received a gift from Trog
 15627 | Slime:1  | Reached XP level 18. HP: 97/170 MP: 26/26
 15746 | Slime:2  | Paralysed by a giant eyeball for 4 turns
 15756 | Slime:2  | Paralysed by a giant eyeball for 2 turns
 15876 | Slime:4  | Reached skill level 26 in Axes
 15881 | Slime:4  | Paralysed by a giant eyeball for 4 turns
 16118 | Slime:6  | Entered Level 6 of the Pits of Slime
 16474 | Slime:6  | Found a viscous altar of Jiyva.
 16479 | Slime:6  | Noticed the royal jelly
 16484 | Slime:6  | Paralysed by a great orb of eyes for 6 turns
 16512 | Slime:6  | Killed the royal jelly
 16567 | Slime:6  | Identified the Almanac of Attacks and the Blaze (You found it on level 6 of the Pits of Slime)
 16578 | Slime:6  | Paralysed by a giant eyeball for 4 turns
 16588 | Slime:6  | Paralysed by a giant eyeball for 3 turns
 16738 | Slime:6  | Identified Viusepol's Incunabulum of the Supportive Rocks (You found it on level 6 of the Pits of Slime)
 16758 | Slime:6  | Got a heavily runed chain mail
 16805 | Slime:6  | Got a slimy rune of Zot
 16912 | Lair:6   | Identified the +5 chain mail of Bedevilment {+Blink +Inv rPois rC+} (You found it on level 6 of the Pits of Slime)
 17553 | D:13     | Received a gift from Trog
 17617 | D:15     | Entered Level 15 of the Dungeon
 17708 | D:15     | Noticed Josephine
 17720 | D:15     | Killed Josephine
 17914 | D:15     | Found a gate to the Vaults.
 17916 | D:15     | Noticed Maud
 17940 | D:15     | Killed Maud
 17946 | D:15     | Reached XP level 19. HP: 112/177 MP: 27/27
 18202 | D:14     | Found a flagged portal.
 18211 | Bailey   | Entered a bailey
 18326 | Bailey   | Reached XP level 20. HP: 185/185 MP: 27/27
 18353 | D:14     | Reached skill level 27 in Axes
 18531 | Vaults:1 | Entered Level 1 of the Vaults
 18546 | Vaults:1 | Received a gift from Trog
 18664 | Vaults:1 | Found a magical portal.
 18674 | WizLab   | Entered a wizard's laboratory
 18778 | WizLab   | Identified Pewn's Advanced Casting (You found it in a wizard's laboratory)
 18781 | WizLab   | Identified Magic Continued (You found it in a wizard's laboratory)
 18868 | WizLab   | Found a blossoming altar of Fedhas.
 18914 | WizLab   | Identified Sif Muna's Incunabulum of Dusty Transmigration (You found it in a wizard's laboratory)
 18928 | WizLab   | Identified Stupob's Guide on Transformation and Dark Secrets (You found it in a wizard's laboratory)
 19347 | Vaults:4 | Reached skill level 10 in Evocations
 19475 | Vaults:5 | Entered Level 5 of the Vaults
 19551 | Vaults:5 | Received a gift from Trog
 19553 | Vaults:5 | Got a warped battleaxe {god gift}
 19892 | Vaults:5 | Got a slimy sapphire amulet
 19894 | Vaults:5 | Got a fine plate armour
 19968 | Vaults:5 | Got a scintillating brass amulet
 19979 | Vaults:5 | Identified the amulet "Deurimelie" {rMut Str-2 Int+4} (You found it on level 5 of the Vaults)
 19987 | Vaults:5 | Identified the Papyrus of Attacks (You found it on level 5 of the Vaults)
 19998 | Vaults:5 | Identified the -2,+3 battleaxe of the Endless March {chop, +Blink +Rage rC+} (Trog gifted it to you on level 5 of the Vaults)
 20028 | Vaults:5 | Identified the +3 plate armour "Briomutha" {Str-2 Int+3} (You took it off a vault guard on level 5 of the Vaults)
 20118 | Vaults:5 | Reached XP level 21. HP: 114/196 MP: 29/29
 20212 | Vaults:5 | Received a gift from Trog
 20478 | Vaults:5 | Got a bloodstained chain mail
 20531 | Vaults:4 | Identified the amulet of Ustrys {Stasis Int+3} (You took it off a vault guard on level 5 of the Vaults)
 20882 | Vaults:5 | Received a gift from Trog
 21347 | Vaults:5 | Got a silver rune of Zot
 21550 | Vaults:3 | Identified the cursed -4 chain mail of Hedging {Dex+4} (You found it on level 5 of the Vaults)
 21839 | Vaults:2 | Received a gift from Trog
 22172 | Vaults:3 | Reached XP level 22. HP: 195/211 MP: 30/30
 22317 | Vaults:3 | Found a staircase to the Crypt.
 22447 | Vaults:1 | Received a gift from Trog
 22644 | D:13     | Noticed Erica
 22648 | D:13     | Killed Erica
 22753 | D:9      | Killed a yak
 22883 | D:7      | Noticed Menkaure
 22887 | D:7      | Killed Menkaure
 22973 | Temple   | Entered the Ecumenical Temple
 23011 | Temple   | Fell from the grace of Trog
 23011 | Temple   | Became a worshipper of the Shining One
 23113 | D:8      | Noticed a wyvern
 23120 | D:8      | Killed a wyvern
 23297 | D:15     | Learned a level 2 spell: Repel Missiles
 23299 | D:15     | Learned a level 1 spell: Apportation
 23302 | D:15     | Learned a level 2 spell: Swiftness
 23481 | Crypt:1  | Entered Level 1 of the Crypt
 23504 | Crypt:1  | Reached skill level 5 in Dodging
 23539 | Crypt:1  | Acquired the Shining One's first power
 23582 | Crypt:2  | Found a staircase to the Tomb.
 23936 | Crypt:4  | Acquired the Shining One's second power
 23998 | Crypt:4  | Reached skill level 1 in Shields
 24020 | Crypt:5  | Entered Level 5 of the Crypt
 24154 | Crypt:5  | Found a basalt altar of Yredelemnul.
 24494 | Crypt:5  | Reached skill level 5 in Shields
 24610 | Crypt:5  | Acquired the Shining One's third power
 24629 | Crypt:5  | Identified the Grimoire of the Hurtful Oath
 24639 | Crypt:5  | Identified the Grimoire of Stolen Souls
 25114 | Crypt:5  | Reached XP level 23. HP: 222/222 MP: 30/30
 25242 | Crypt:5  | Acquired the Shining One's fourth power
 25929 | Crypt:3  | Slain by a stone giant

Action                   |  1- 3 |  4- 6 |  7- 9 | 10-12 | 13-15 | 16-18 | 19-21 | 22-24 || total
-------------------------+-------+-------+-------+-------+-------+-------+-------+-------++-------
Melee: Hand axe          |    86 |    13 |       |       |       |       |       |       ||    99
       War axe           |       |    47 |   323 |   335 |       |       |       |       ||   705
       Battleaxe         |       |       |       |   328 |   839 |    68 |    14 |       ||  1249
       Executioner's axe |       |       |       |       |   182 |   981 |   798 |   704 ||  2665
       Unarmed           |       |       |       |       |       |       |     6 |       ||     6
       Broad axe         |       |       |       |       |       |       |     5 |       ||     5
Invok: Berserk           |     3 |     2 |     3 |     8 |       |     3 |       |       ||    19
       Trog's Hand       |     2 |     2 |     6 |    14 |    31 |    13 |    20 |       ||    88
       Burn Spellbooks   |       |       |       |     1 |       |       |     3 |       ||     4
       Brothers in Arms  |       |       |       |     1 |     3 |     7 |     5 |       ||    16
 Abil: Evoke Flight      |       |       |       |       |       |     7 |       |       ||     7
       Evoke Teleportati |       |       |       |       |       |     2 |       |     2 ||     4
Evoke: Wand              |       |       |     7 |     7 |     6 |    10 |     1 |     3 ||    34
  Use: Scroll            |       |     5 |     5 |     9 |    13 |    23 |    11 |     8 ||    74
       Potion            |       |       |     1 |     3 |     6 |     3 |     6 |     2 ||    21
 Stab: Invisible         |       |       |       |       |     4 |       |       |       ||     4
